[Event "*** Titled Tuesday 3|2 Blitz"]
[Site "Chess.com"]
[Date "2016.06.07"]
[Round "2"]
[White "TheLancer"]
[Black "platy3"]
[Result "0-1"]
[WhiteElo "2468"]
[BlackElo "2688"]
[TimeControl "180+2"]
[EndTime "11:22:57 PDT"]
[Termination "platy3 won by resignation"]

1. e4 c5 2. Nf3 e6 3. d4 cxd4 4. Nxd4 a6 5. Bd3 g6 6. c4 Bg7 7. Nc2 Ne7 8. Nc3 Nbc6 9. O-O O-O 10. Be3 d5 11. cxd5 exd5 12. exd5 Nxd5 13. Bc5 Nxc3 14. bxc3 Re8 15. Qd2 Qd5 16. Be3 Ne5 17. Be2 Qxd2 18. Bxd2 Bf5 19. Nd4 Bd3 20. Rfe1 Rac8 21. Rac1 Bc4 22. f4 Nd3 23. Bxd3 Bxd3 24. Rxe8+ Rxe8 25. Re1 Rd8 26. Be3 Bc4 27. a3 Bf8 28. Rb1 b5 29. Ra1 Bd5 30. a4 b4 31. cxb4 Bxb4 32. Rb1 Bc5 33.
Nf5 Be4 34. Rc1 Ba3 35. Rc3 Bb2 36. Ne7+ Kf8 37. Rc7 Bf6 38. Bc5 Kg7 39. Be3 Rd3 40. Kf2 Ra3 41. f5 Ra2+ 42. Ke1 Rxg2 43. fxg6 hxg6 44. Bf4 Bf3 45. Bg3 Re2+ 46. Kf1 Rxe7 0-1

[Event "*** Titled Tuesday 3|2 Blitz"]
[Site "Chess.com"]
[Date "2016.06.07"]
[Round "2"]
[White "Fawolizzo"]
[Black "DiamondCrusher22"]
[Result "1-0"]
[WhiteElo "2008"]
[BlackElo "1834"]
[TimeControl "180+2"]
[EndTime "11:23:07 PDT"]
[Termination "Fawolizzo won by checkmate"]

1. d4 d5 2. Nf3 Nf6 3. c4 c6 4. g3 e6 5. Nbd2 Nbd7 6. Bg2 Bd6 7.
O-O O-O 8. b3 h6 9. Bb2 Qe7 10. Ne5 Bxe5 11. dxe5 Ng4 12. Nf3 dxc4 13. h3 Rd8 14. Qc2 cxb3 15. axb3 Nxf2 16. Rxf2 Nb6 17. Raf1 Nd5 18. Kh2 Ne3 19. Qe4 Nxf1+ 20. Rxf1 Bd7 21. Qe3 Be8 22. Nd2 Rd7 23. Nc4 Qb4 24. Ba3 Qb5 25. Nd6 Qb6 26. Bc5 Qc7 27. Be4 b6 28. Nxe8 Rxe8 29. Bd6 Qd8 30. Bxc6 Rxd6 31. exd6 Rf8 32. d7 Qc7 33. Qf3 Qd6 34. e3 Qd2+ 35. Rf2 Qc1 36. Ba4 Qc5 37. Rd2 b5 38. d8=Q Rxd8 39. Rxd8+ Kh7 40.
Qe4+ f5 41. Qd4 Qc2+ 42. Qd2 Qc5 43. b4 Qc4 44. Bc2 Kg6 45. Rd4 Qc7 46. Bb3 Qe5 47. Rd6 Kf6 48. Qd4 Kg5 49. Qxe5 g6 50.
h4+ Kg4 51. Bd1# 1-0

[Event "*** Titled Tuesday 3|2 Blitz"]
[Site "Chess.com"]
[Date "2016.06.07"]
[Round "2"]
[White "MattyDPerrine"]
[Black "BahadirOzen"]
[Result "1-0"]
[WhiteElo "2257"]
[BlackElo "2521"]
[TimeControl "180+2"]
[EndTime "11:23:11 PDT"]
[Termination "MattyDPerrine won by resignation"]

1. d4 d6 2. c4 e5 3. Nf3 exd4 4. Nxd4 g6 5. e4 Bg7 6. Nc3 Nc6 7.
Be3 Nge7 8. Be2 O-O 9. O-O f5 10. exf5 Bxd4 11. Bxd4 Nxf5 12. Be3 Nxe3 13. fxe3 Rxf1+ 14. Bxf1 Be6 15. Nd5 Bxd5 16. Qxd5+ Kg7 17. c5 dxc5 18.
Qxc5 Qe7 19. Qc3+ Qe5 20. Rc1 Qxc3 21. Rxc3 Rc8 22. g3 Kf6 23. Bg2 Nd8 24. e4 Ne6 25. e5+ Kxe5 26. Re3+ Kd6 27. Rxe6+ Kxe6 28. Bh3+ Kd5 29.
Bxc8 b5 30. Kf2 Kd4 31. Bd7 b4 32. Ke2 c5 33. Bb5 c4 34. Kd2 a5 35. Ba6 g5 36. g4 h6 37. h3 Kc5 38. Ke3 Kd5 39. Bb7+ Kc5 40. Ke4 a4 41. Ba6 c3 42. bxc3 bxc3 43.
Kd3 Kb4 44. Kc2 Ka3 45. Bc4 Kb4 46. Bf7 Ka3 47. Kxc3 h5 48. Bxh5 Kxa2 49. Bf7+ Ka3 50. Kd4 Kb2 51. Ke5 a3 52. Kf6 a2 53. Bxa2 Kxa2 54.
Kxg5 1-0

[Event "*** Titled Tuesday 3|2 Blitz"]
[Site "Chess.com"]
[Date "2016.06.07"]
[Round "2"]
[White "Abrito99"]
[Black "Zhani-Z"]
[Result "1-0"]
[WhiteElo "2411"]
[BlackElo "2214"]
[TimeControl "180+2"]
[EndTime "11:23:13 PDT"]
[Termination "Abrito99 won on time"]

1. e4 e5 2. Nf3 Nc6 3. Bc4 Bc5 4. c3 Nf6 5. d3 d6 6. Bb3 Bb6 7. O-O h6 8. Re1 Ne7 9. Nbd2 Ng6 10. Nf1 O-O 11.
Ng3 c6 12. h3 Re8 13. d4 Be6 14. Bc2 Qd7 15. Be3 Bxh3 16. gxh3 Qxh3 17. Qe2 exd4 18. cxd4 Ba5 19. Red1 Qg4 20. Kf1 Qh3+ 21. Kg1 Qg4 22. Nh2 Qd7 23. e5 dxe5 24. dxe5 Nd5 25. Ng4 Nxe5 26.
Nxe5 Rxe5 27. Qf3 Rae8 28. a3 Qe6 29. Bd4 Rg5 30. Kf1 Qh3+ 31. Qg2 Qg4 32. Be4 Nf4 33. Qf3 Qh3+ 34. Kg1 Rg4 35. Bf5 Rxg3+ 36. fxg3 Ne2+ 37. Qxe2 1-0

[Event "*** Titled Tuesday 3|2 Blitz"]
[Site "Chess.com"]
[Date "2016.06.07"]
[Round "2"]
[White "Masterbeaterr"]
[Black "Fibrinogen"]
[Result "0-1"]
[WhiteElo "2348"]
[BlackElo "2285"]
[TimeControl "180+2"]
[EndTime "11:23:15 PDT"]
[Termination "Fibrinogen won by checkmate"]

1. e4 e5 2. Nf3 Nc6 3. Bb5 a6 4. Ba4 Nf6 5. O-O Be7 6. Bxc6 dxc6 7. Qe1 Nd7 8. b3 f6 9. Bb2 O-O 10. d4 exd4 11. Nxd4 Ne5 12. Nd2 c5 13. N4f3 Nxf3+ 14. Nxf3 Bg4 15. Qe3 Qe8 16. h3 Be6 17. Rad1 Qh5 18.
Qf4 Bd6 19. Qh4 Qf7 20. e5 fxe5 21. Nxe5 Qf5 22. Nd3 Rae8 23. Rde1 Bd5 24. Rxe8 Rxe8 25. Re1 Rf8 26. Qg4 Qxg4 27. hxg4 c4 28. Ne5 cxb3 29. axb3 Re8 30. f4 a5 31. g5 b5 32. Rd1 Be4 33. c4 a4 34. cxb5 a3 35. Ba1 Bc2 36. Rd2 Bxb3 37. Kh2 a2 38. Kg3 Be6 39. Nf3 Bb4 40. Re2 Bf7 41. Ne5 Kf8 42.
Rc2 Bd6 43. Nxf7 Kxf7 44. Rxa2 Re3+ 45. Kg4 Rb3 46. Ra5 g6 47. g3 Ke6 48. Bf6 h5+ 49. Kh3 Bxf4 50. Ra6+ Kf5 51. b6 cxb6 52. Bd8 Bxg3 53. Rxb6 Rd3 54. Rf6+ Ke4 55. Re6+ Be5+ 56. Kg2 Kf5 57. Re8 Bf4 58. Rf8+ Kg4 59. Rg8 Rd2+ 60. Kf1 Kf3 61. Ke1 Rd6 62. Bf6 h4 63. Rxg6 h3 64.
Rh6 h2 65. Be7 Rxh6 66. gxh6 h1=Q# 0-1

[Event "*** Titled Tuesday 3|2 Blitz"]
[Site "Chess.com"]
[Date "2016.06.07"]
[Round "2"]
[White "pKiLz5Rn9b"]
[Black "Bigfish1995"]
[Result "1-0"]
[WhiteElo "2477"]
[BlackElo "2601"]
[TimeControl "180+2"]
[EndTime "11:23:20 PDT"]
[Termination "pKiLz5Rn9b won on time"]

1. e4 g6 2. d4 Bg7 3. h3 d6 4.
Nc3 Nd7 5. Nf3 a6 6. a4 e6 7. Be2 Ne7 8. O-O O-O 9. a5 c5 10. Be3 Nc6 11. Qd2 Nxa5 12. Rfd1 c4 13. d5 e5 14. Rdb1 f5 15. Qe1 Nf6 16. exf5 Bxf5 17. Qd2 b5 18. Ng5 Nb7 19. Bf3 Qe7 20. Ne6 Rf7 21.
Ng5 Rff8 22. Ne6 Rfc8 23. g4 e4 24. gxf5 exf3 25. Qd1 Nd8 26. Qxf3 Nxe6 27. fxe6 Rf8 28. Qg2 b4 29. Ne2 Nh5 30. c3 a5 31. Rd1 Qb7 32.
Nd4 Nf4 33. Bxf4 Rxf4 34. Nc6 bxc3 35. bxc3 Bxc3 36. Rab1 Bb4 37. e7 Re8 38. Nxa5 Qa6 39. Nc6 Bc5 40. Rb8 Rxb8 41. Nxb8 Qc8 42. Re1 Qe8 43. Re2 Kf7 44. Nc6 c3 45. Qg3 Rf5 46. Qxc3 Rxd5 47. Qc4 1-0

[Event "*** Titled Tuesday 3|2 Blitz"]
[Site "Chess.com"]
[Date "2016.06.07"]
[Round "2"]
[White "GMBenjaminBok"]
[Black "Boryboy"]
[Result "0-1"]
[WhiteElo "2602"]
[BlackElo "2538"]
[TimeControl "180+2"]
[EndTime "11:23:23 PDT"]
[Termination "Boryboy won by resignation"]

1. e4 e6 2. d4 d5 3. Nc3 Bb4 4.
e5 c5 5. a3 Bxc3+ 6. bxc3 Qa5 7. Bd2 Qa4 8. Qg4 g6 9. Nf3 Nc6 10. Be2 Bd7 11. Qh4 Nge7 12. O-O h6 13. Bg5 Nf5 14. Qh3 cxd4 15. Bf6 Rg8 16. Rab1 Qxc2 17. Rfe1 d3 18. Bf1 Qxc3 19. Rxb7 Ncd4 20. Reb1 Ne2+ 21.
Kh1 Qc5 22. Bxe2 dxe2 23. Kg1 Rc8 24. Re1 Bb5 25. g4 Ba6 26. Rbb1 Ne7 27. Kg2 d4 28. Qxh6 Qd5 29. Qg5 Bb7 30. Qf4 d3 31. Rec1 Rxc1 32.
Rxc1 Nc6 33. Kg3 Kd7 34. Qe3 Rc8 35. Rc5 Qb3 36. Nd2 Qxa3 37. Rc4 Nb4 38. Rd4+ Nd5 39. Rxd3 Qxd3 40. Qxd3 e1=Q 41. Nf3 Qb4 42. Ng5 Rc3 0-1

[Event "*** Titled Tuesday 3|2 Blitz"]
[Site "Chess.com"]
[Date "2016.06.07"]
[Round "2"]
[White "GianmarcoVaR"]
[Black "cassoulet"]
[Result "1-0"]
[WhiteElo "2341"]
[BlackElo "2312"]
[TimeControl "180+2"]
[EndTime "11:23:23 PDT"]
[Termination "GianmarcoVaR won by checkmate"]

1. d4 d5 2. c4 e6 3. Nf3 Nf6 4. g3 Be7 5. Bg2 O-O 6. O-O dxc4 7. Qc2 a6 8. a4 Nc6 9. Qxc4 Bd7 10. Bf4 Na5 11.
Qc2 Bc6 12. Nc3 Nd5 13. Nxd5 Qxd5 14. Rfd1 Rac8 15. Qc3 Qh5 16. b4 g5 17. g4 Qxg4 18.
Bg3 h5 19. bxa5 h4 20. h3 Qf5 21. Be5 Rfd8 22. Ne1 Bxg2 23. Kxg2 c5 24. Qf3 Qxf3+ 25.
Nxf3 f6 26. Bh2 c4 27. e3 c3 28. Rdc1 Rc4 29. Rab1 Rd7 30. Rb3 Bb4 31. Ne1 Bxa5 32. Nd3 b6 33. Ra3 e5 34. Bxe5 fxe5 35. Nxe5 Rdc7 36. Nxc4 Rxc4 37. Kf3 Kf7 38. Ke4 Bb4 39. Rb3 a5 40. Kd3 Rc6 41. f3 Rf6 42. Ke2 Rc6 43.
Kd3 Kf6 44. Rcxc3 Bxc3 45. Rxc3 Rd6 46. Rc7 Kg6 47. e4 Rf6 48. Ke3 b5 49. axb5 a4 50.
Ra7 Rb6 51. Ra6 Rf6 52. Rxa4 Kh5 53. Rb4 Rb6 54. e5 g4 55. fxg4+ Kg5 56. d5 Rb8 57.
b6 Rxb6 58. Rd4 Rb3+ 59. Rd3 Rb1 60. d6 Re1+ 61. Kf2 Rxe5 62. d7 Kf4 63. Rf3+ Ke4 64. d8=Q Ra5 65. Re3+ Kf4 66. Qf6+ Rf5 67. Qxf5# 1-0

[Event "*** Titled Tuesday 3|2 Blitz"]
[Site "Chess.com"]
[Date "2016.06.07"]
[Round "2"]
[White "FearlessKing64"]
[Black "talaicito"]
[Result "1-0"]
[WhiteElo "2082"]
[BlackElo "1986"]
[TimeControl "180+2"]
[EndTime "11:23:27 PDT"]
[Termination "FearlessKing64 won by resignation"]

1. e4 e6 2. d4 d5 3. Nd2 Nf6 4. e5 Nfd7 5. f4 c5 6. c3 Nc6 7.
Ndf3 Qb6 8. a3 a5 9. b3 Be7 10. h4 a4 11. b4 cxd4 12. cxd4 Na7 13. Bd3 Nb5 14. Ne2 Nb8 15. O-O Bd7 16. Bc2 Nc6 17.
h5 h6 18. g4 f6 19. Bg6+ Kd8 20.
Kg2 Rf8 21. Bc2 Qa6 22. Bb2 Nc7 23. Bd3 b5 24. Rc1 Rc8 25. Rc5 Bxc5 26. dxc5 Ne8 27. f5 fxe5 28. Nxe5 Nxe5 29. Bxe5 exf5 30. Nd4 g6 31.
gxf5 gxf5 32. Bxf5 Rg8+ 33. Kh1 Rg5 34. Bg6 Bg4 35.
Qe1 Bxh5 36. Bxe8 Bxe8 37. Bf6+ Kc7 38. Qe7+ Kb8 39. Bxg5 hxg5 40. Ne6 Bc6 41. Qd6+ Ka8 42. Rf7 d4+ 43. Kg1 d3 44. Nc7+ Rxc7 45. Qxc7 Bb7 46.
Rf8+ Bc8 47. Rxc8+ Qxc8 48. Qxc8+ Ka7 49. Qc7+ Ka8 50. c6 1-0

[Event "*** Titled Tuesday 3|2 Blitz"]
[Site "Chess.com"]
[Date "2016.06.07"]
[Round "2"]
[White "jup1978"]
[Black "Iuri_Shkuro"]
[Result "0-1"]
[WhiteElo "2203"]
[BlackElo "2396"]
[TimeControl "180+2"]
[EndTime "11:23:29 PDT"]
[Termination "Iuri_Shkuro won by resignation"]

1. e4 Nc6 2. Nf3 d6 3. Nc3 Nf6 4. Bc4 g6 5. d3 Bg7 6. Bg5 O-O 7.
Qd2 Bg4 8. Ng1 a6 9. h3 Bd7 10. Nf3 b5 11. Bb3 Na5 12. Bh6 c5 13. Bxg7 Kxg7 14.
a3 c4 15. Ba2 Rb8 16. O-O Bc6 17. Rfe1 Qc7 18. d4 e5 19. dxe5 dxe5 20. Nd5 Bxd5 21. exd5 e4 22. d6 Qb6 23. Ne5 Rbd8 24. Rad1 Nb7 25.
d7 Nc5 26. Qd6 Qxd6 27. Rxd6 Nfxd7 28. Red1 Nxe5 29. Rxd8 Na4 30. Rxf8 Kxf8 31. Rd6 Nxb2 32. Rxa6 Nd1 33. Rb6 Nc3 34. Bb1 Nd7 35. Rb7 Ke7 36.
Kf1 Nxb1 37. Rxb5 Nxa3 38. Rb4 Ne5 39. c3 Kd6 40. Ra4 Nb5 41. Ra6+ Kc5 42. Ra8 Nxc3 43. Rc8+ Nc6 44. Rc7 f5 45. Rxh7 Nd5 46. Ke1 c3 47.
Kd1 Ncb4 48. Ra7 Kc4 49. Ra8 Kb3 50. Rc8 c2+ 51. Kd2 Nb6 52. Rc7 Nc4+ 0-1

[Event "*** Titled Tuesday 3|2 Blitz"]
[Site "Chess.com"]
[Date "2016.06.07"]
[Round "2"]
[White "underdogchss"]
[Black "ChessMavenYeti"]
[Result "1-0"]
[WhiteElo "2338"]
[BlackElo "2138"]
[TimeControl "180+2"]
[EndTime "11:23:50 PDT"]
[Termination "underdogchss won by resignation"]

1. d4 e6 2. Nf3 d5 3. c4 Be7 4. Nc3 Nf6 5. Bg5 O-O 6. e3 h6 7. Bh4 b6 8. Bd3 Bb7 9. O-O dxc4 10. Bxc4 Ne4 11. Bg3 Nd7 12. Qe2 c5 13. Nxe4 Bxe4 14. Rfd1 Qc8 15. Rac1 Nf6 16. dxc5 bxc5 17. Nd2 Bd5 18.
Nb3 Rd8 19. Ba6 Qc6 20. f3 Bxb3 21. axb3 Rxd1+ 22. Rxd1 Rd8 23. Rxd8+ Bxd8 24. e4 Nh5 25.
Bb8 Qb6 26. Qb5 Qxb5 27. Bxb5 Bb6 28. Bc4 g5 29. g3 Nf6 30. g4 Nd7 31. Bd6 Kg7 32.
Kg2 e5 33. Bb5 Nf6 34. Bxe5 Kg6 35. Kf1 Ng8 36. Bd6 h5 37. gxh5+ Kxh5 38. Bc4 Nh6 39. Kg2 g4 40. f4 f6 41. Bf8 Kg6 42. Kg3 f5 43.
Bxh6 Kxh6 44. exf5 Kh5 45. Bf7+ Kh6 46. Kxg4 Ba5 47.
f6 Bd2 48. h4 Bc1 49. Be8 Bxb2 50. Kf5 a5 51. Bb5 Bc3 52. Bc4 Bb2 53. Bd3 Bc3 54. Ke6 Kh5 55. f5 Kxh4 56. f7 Bg7 57. Ke7 Kg5 58.
f8=Q Bxf8+ 59. Kxf8 c4 60. Bxc4 Kxf5 61. Bb5 Ke5 62. Ba4 Kd6 63. Kf7 Kc5 64. Ke6 Kb6 65.
Kd5 Ka6 66. Kc5 1-0

[Event "*** Titled Tuesday 3|2 Blitz"]
[Site "Chess.com"]
[Date "2016.06.07"]
[Round "2"]
[White "Winehouse83"]
[Black "Noukii"]
[Result "0-1"]
[WhiteElo "2463"]
[BlackElo "2659"]
[TimeControl "180+2"]
[EndTime "11:23:54 PDT"]
[Termination "Noukii won by resignation"]

1. d4 Nf6 2. c4 c6 3. Nf3 d5 4. e3 Bf5 5. Nc3 e6 6. Nh4 Be4 7. f3 Bg6 8. Nxg6 hxg6 9. Bd2 a6 10. Bd3 Bd6 11. f4 c5 12. cxd5 exd5 13. O-O Nc6 14. g3 O-O 15. Ne2 Re8 16. Rc1 c4 17. Bb1 b5 18. h3 Bc7 19. Kg2 Qd7 20. Ng1 Ne4 21. Nf3 f6 22. Nh4 Kf7 23. Be1 Ne7 24. g4 Rh8 25.
Qf3 f5 26. Kh2 Rh6 27. Rg1 Rah8 28. gxf5 gxf5 29. Qg2 g6 30. Nf3 Ng8 31. Bxe4 dxe4 32. Ng5+ Ke8 33. d5 Nf6 34. Bc3 Qe7 35. Kg3 Bb6 36.
d6 Qxd6 37. Rcd1 Qe7 38. Rge1 Nh5+ 39. Kh2 Bc7 40. Rf1 Bd6 41. Bxh8 Rxh8 42. Qd2 Qxg5 43. Rg1 Bxf4+ 44. exf4 Qxf4+ 45. Qxf4 Nxf4 46. Rg3 Kf7 47. Rd7+ Kf6 48. Rd6+ Ke5 49. Rxa6 Rd8 50. Re3 Rd2+ 51.
Kg3 Nd5 52. Re1 g5 53. Ra5 Rxb2 54. a4 f4+ 55. Kg4 f3 56. Rxb5 Rxb5 57. axb5 f2 58.
Rd1 Ne3+ 0-1

[Event "*** Titled Tuesday 3|2 Blitz"]
[Site "Chess.com"]
[Date "2016.06.07"]
[Round "2"]
[White "Zazuliak"]
[Black "Rating-Schmating"]
[Result "0-1"]
[WhiteElo "2352"]
[BlackElo "2209"]
[TimeControl "180+2"]
[EndTime "11:23:56 PDT"]
[Termination "Rating-Schmating won by resignation"]

1. d4 e6 2. c4 Nf6 3. Nc3 Bb4 4. Qc2 d5 5. cxd5 Qxd5 6. a3 Bxc3+ 7. bxc3 Qf5 8.
Qxf5 exf5 9. Bf4 Nd5 10. Bd2 Nc6 11. e3 O-O 12. Bd3 Re8 13. Ne2 Nf6 14. f3 Bd7 15. Kf2 Rad8 16. c4 Bc8 17. Bc2 g6 18. Rhd1 Nd7 19. Bc3 Nb6 20. Bb3 a5 21. a4 Re7 22.
Rac1 Rde8 23. d5 Nb4 24. Bd4 Nd7 25. c5 Ne5 26. h4 Ned3+ 27. Kf1 Nxc1 28. Nxc1 Rd7 29.
Bb2 Rxe3 30. Kf2 f4 31. g3 Rxb3 32. Nxb3 fxg3+ 33. Kxg3 Rxd5 34. Rxd5 Nxd5 35. Nxa5 Nb4 36. Be5 Nd3 37. Bd4 Bd7 38. Nxb7 Bxa4 39. f4 Bc6 40. Na5 Bd5 41. Be5 c6 42. Bd4 f5 43. Nb7 Kf7 44. Nd6+ Ke6 45. Ne8 Nb4 46. Nc7+ Kd7 47. Nxd5 cxd5 48. h5 Nc2 49. Be5 d4 50. Kf3 Kc6 51.
Bd6 Nb4 52. Ke2 Kd5 53. hxg6 hxg6 54. Be7 Ke4 55. Bd6 d3+ 56. Kd2 Nc6 57. Kc3 Ke3 58. Be5 d2 59. Bd4+ Ke2 0-1

[Event "*** Titled Tuesday 3|2 Blitz"]
[Site "Chess.com"]
[Date "2016.06.07"]
[Round "2"]
[White "profofchess"]
[Black "KamilPlichta"]
[Result "0-1"]
[WhiteElo "2311"]
[BlackElo "2359"]
[TimeControl "180+2"]
[EndTime "11:24:06 PDT"]
[Termination "KamilPlichta won by resignation"]

1. e4 Nf6 2. e5 Nd5 3. Nc3 Nxc3 4. dxc3 d6 5. Bf4 dxe5 6. Qxd8+ Kxd8 7. Bxe5 c6 8. O-O-O+ Nd7 9. Bc4 Ke8 10. Bg3 g6 11.
Nf3 Nb6 12. Bb3 Bg4 13. Rd3 Bf5 14. Re3 Bh6 15. Re1 Nd5 16. Bxd5 cxd5 17. Kb1 Bxe3 18. Rxe3 Rd8 19. Nd4 Rd7 20. Bh4 h6 21. Bf6 Rg8 22.
f3 Kf8 23. Bh4 Rc7 24. g4 Bc8 25. Nb5 Rd7 26. Nxa7 g5 27. Bg3 Kg7 28. Nb5 f6 29.
Re6 Kf7 30. Rb6 e5 31. Nd6+ Kg7 32. Nf5+ Kg6 33. h4 Rf7 34. h5+ Kh7 35. Nd6 Re7 36. c4 dxc4 37. Nxc4 e4 38. Rxf6 exf3 39. Nd6 Bxg4 40. Nf7 Kg7 41. Nxh6 Rd8 42. Rg6+ Kh7 43. b4 Re6 44. Nxg4 Rxg6 45. hxg6+ Kxg6 46. Kc1 Kf5 47. Ne3+ Ke4 48. Bf2 b5 49. Ng4 Kf4 50. Nf6 g4 51. Nh5+ Kg5 52. Ng3 Kh4 53. Ne4+ Kh3 54. a4 bxa4 55.
c4 Re8 56. Ng3 Kg2 57. b5 Kxf2 58. Nf5 g3 59. Nxg3 Kxg3 0-1

[Event "*** Titled Tuesday 3|2 Blitz"]
[Site "Chess.com"]
[Date "2016.06.07"]
[Round "2"]
[White "SabinaFoisor"]
[Black "TomsKantans"]
[Result "1/2-1/2"]
[WhiteElo "2191"]
[BlackElo "2451"]
[TimeControl "180+2"]
[EndTime "11:24:19 PDT"]
[Termination "Game drawn by agreement"]

1. d4 Nf6 2. c4 c5 3. d5 e6 4. Nc3 exd5 5. cxd5 d6 6. Nf3 g6 7.
Nd2 Bg7 8. e4 O-O 9. Be2 Re8 10.
O-O Nbd7 11. h3 g5 12. Nc4 Nxe4 13. Nxe4 Rxe4 14. Nxd6 Rd4 15. Qb3 Nb6 16. Nxc8 Rxc8 17. Bf3 c4 18. Qb5 a6 19. Qb4 Nxd5 20. Qxb7 h6 21.
Be3 Rd3 22. Qxa6 Nxe3 23. fxe3 Rxe3 24. Rad1 Qe8 25. Bd5 Rc7 26. Bxc4 Ree7 27. b3 Qb8 28.
Qd6 Qa7+ 29. Kh1 Qb8 30. Qd8+ Qxd8 31. Rxd8+ Bf8 32. a4 Kg7 33. a5 Re5 34. a6 Bc5 35. Rd5 Rxd5 36. Bxd5 Rd7 37. Bc4 Kg6 38. g4 h5 39. Kg2 hxg4 40. hxg4 Rd4 41. Kf3 Rf4+ 42. Kg3 Rxf1 43. Bxf1 Kf6 44. Bd3 Ke5 45. Kf3 Kd6 46. Ke4 Kc7 47. Kf5 Be3 48. Kf6 Kb6 49. Kxf7 Bd2 50.
Ke6 Be3 51. Kd6 Bf2 52. Kd5 Bg1 53. b4 Bf2 54. b5 Bg1 55. Ke6 Be3 56. Kd7 Bd4 57.
Kc8 Ka7 58. Kc7 Be3 59. Kc6 Bf2 60. Bf5 Be3 61. Bc8 Bb6 62. Bb7 Be3 63. Kd5 Bf2 64. Bc6 Kb6 65. Ke5 Be3 66. Ke4 Bc1 67. Kd4 Bd2 68.
Bf3 Bc1 69. Be2 Bf4 70. Kd5 Be3 71. Kd6 Bf2 72. Kd7 Be3 73. Kc8 Ka7 74. Kc7 Bb6+ 75.
Kd6 Bf2 76. Kd5 Be3 77. Ke4 Bf2 78. Ke5 Be3 79. Kd5 Kb6 1/2-1/2

[Event "*** Titled Tuesday 3|2 Blitz"]
[Site "Chess.com"]
[Date "2016.06.07"]
[Round "2"]
[White "Fandorine"]
[Black "sandropozo"]
[Result "1-0"]
[WhiteElo "2584"]
[BlackElo "2440"]
[TimeControl "180+2"]
[EndTime "11:24:20 PDT"]
[Termination "Fandorine won on time"]

1. e4 e6 2. d4 d5 3. Nc3 Bb4 4. e5 c5 5. a3 Bxc3+ 6. bxc3 Ne7 7. Qg4 cxd4 8. Bd3 Qa5 9. Ne2 Ng6 10. O-O dxc3 11.
h4 O-O 12. Qg3 Nc6 13. h5 Ngxe5 14. Bh6 g6 15. hxg6 hxg6 16. Bxf8 Kxf8 17. Rab1 Qxa3 18.
Bb5 a6 19. Bxc6 Nxc6 20. Rb3 Qe7 21. Rxc3 e5 22. Rb3 Bf5 23. Nc3 Rd8 24. Rb2 d4 25. Na2 e4 26. Nc1 Ne5 27. Nb3 Nc4 28. Rbb1 d3 29. cxd3 exd3 30. Rbe1 Qf6 31. Qc7 b5 32. Nc5 d2 33. Ra1 Rc8 34. Qa7 Kg7 35. Rxa6 Qe5 36. Nb3 Qc3 37. Nxd2 Nxd2 38. Rd1 Bg4 39. Ra3 Qe5 40.
Rda1 Ne4 41. Re3 Qf4 42. f3 Nc5 43. Rae1 Be6 44. Qa1+ Qf6 45. Qa7 Rh8 46. Qxc5 Qh4 47. Qe5+ Kg8 48. Re4 Qh1+ 49. Kf2 Qh5 50. Qb8+ Kg7 51.
Qf4 Rc8 52. R1e2 Qc5+ 53. Kg3 Bc4 54. Rd2 Rc6 55. Rd7 Rf6 56. Qe5 Qg1 57. Rd6 Be6 58.
Rf4 1-0

[Event "*** Titled Tuesday 3|2 Blitz"]
[Site "Chess.com"]
[Date "2016.06.07"]
[Round "2"]
[White "charlescandycampbell"]
[Black "kereswasbest"]
[Result "0-1"]
[WhiteElo "2036"]
[BlackElo "2127"]
[TimeControl "180+2"]
[EndTime "11:24:20 PDT"]
[Termination "kereswasbest won by resignation"]

1. d4 d5 2. c4 e6 3. Nc3 Be7 4. Nf3 Nf6 5. Bg5 O-O 6. e3 Nbd7 7. Bd3 dxc4 8. Bxc4 c5 9. O-O a6 10. a4 b6 11. Qe2 Bb7 12. Rfd1 Qc7 13. Rac1 h6 14. Bf4 Bd6 15. Bxd6 Qxd6 16. e4 Qf4 17. d5 exd5 18.
exd5 Rfe8 19. Qd3 Ne5 20. Nxe5 Rxe5 21. Re1 Rae8 22. Rf1 Rd8 23. Bxa6 Bxd5 24. Nxd5 Rdxd5 25. Qg3 Qxa4 26. Bc4 Rd4 27. b3 Qe8 28. h3 Ne4 29.
Qf4 Nd2 30. Bxf7+ Qxf7 31. Qxe5 Nxf1 32. Rxf1 Qxb3 33. Qe8+ Kh7 34. Re1 Qc2 35. Re3 Qg6 36. Qe5 Rd1+ 37. Kh2 Qd6 38. f4 Qxe5 39. fxe5 Rd7 40.
e6 Re7 41. Kg3 Kg6 42. Kf4 Kf6 43. Rb3 Rxe6 44. g4 g5+ 45. Kf3 Ke7 46. Rd3 Rd6 47. Rb3 Kd7 48. Ke4 Kc6 49. Ke5 Rd5+ 50. Ke4 b5 51. Rf3 b4 52. Rf6+ Rd6 53. Rf8 Kb5 54. Ke5 Rb6 55. Kd5 b3 56. Rf3 c4 57. Rc3 Rc6 58. Kd4 Kb4 59. Rc1 c3 60. Kd3 Rd6+ 61.
Ke3 b2 62. Rb1 Kb3 63. Rf1 c2 64. Ke4 Re6+ 65. Kf5 Re3 66. Kg6 Rxh3 67. Rf8 c1=Q 68. Rb8+ Kc2 69. Rc8+ Kd1 70. Rd8+ Qd2 71. Rf8 b1=Q+ 72.
Kg7 Qb7+ 73. Kh8 Qd4+ 0-1

[Event "*** Titled Tuesday 3|2 Blitz"]
[Site "Chess.com"]
[Date "2016.06.07"]
[Round "2"]
[White "Grootneus"]
[Black "BjarkeSahl"]
[Result "0-1"]
[WhiteElo "2057"]
[BlackElo "2167"]
[TimeControl "180+2"]
[EndTime "11:24:25 PDT"]
[Termination "BjarkeSahl won by checkmate"]

1. e4 c5 2. c3 d5 3. exd5 Nf6 4. Nf3 Nxd5 5. d4 cxd4 6. cxd4 e6 7. Bd3 Be7 8. a3 O-O 9. O-O Nc6 10. Qe2 Bf6 11. Rd1 g6 12. Bh6 Re8 13. Bc2 Bd7 14.
Nc3 Nxc3 15. bxc3 Rc8 16. Ne5 Bg7 17. Bxg7 Kxg7 18. Rd3 Nxe5 19. dxe5 Qe7 20. Qe3 Bc6 21. Rd4 Bd5 22. Rad1 Rc7 23. h4 Rec8 24. R1d3 Bc4 25. Rd2 Bd5 26. R2d3 h5 27. Rf4 Bc4 28. Rdd4 Bd5 29.
Rd3 Bc4 30. Rdd4 Ba6 31. Qd2 Bb5 32. a4 Be8 33. c4 b6 34. Bd3 Rc5 35. Qe3 Bxa4 36.
Rf6 Be8 37. g4 Qc7 38. Re4 hxg4 39. h5 Rxe5 40. Rxg6+ fxg6 41. Rxe5 Qe7 42. Rxe6 Qd7 43. Qe5+ Kh6 44. Re7 Qxd3 45. Qg7+ Kxh5 46. Re5+ Qf5 47.
Qh7+ Kg5 48. Rxf5+ gxf5 49. Qe7+ Kf4 50. Qd6+ Kg5 51. Qe7+ Kh5 52. Qh7+ Kg5 53. Qg7+ Bg6 54. Qe7+ Kh5 55. Qe3 Rxc4 56. Qb3 Re4 57. Qa2 Kg5 58. Qxa7 Re1+ 59. Kg2 f4 60. Qxb6 Be4+ 61. Kh2 Rh1# 0-1

[Event "*** Titled Tuesday 3|2 Blitz"]
[Site "Chess.com"]
[Date "2016.06.07"]
[Round "2"]
[White "GM_Levan_Pantsulaia"]
[Black "GeorgMeier"]
[Result "0-1"]
[WhiteElo "2484"]
[BlackElo "2720"]
[TimeControl "180+2"]
[EndTime "11:24:53 PDT"]
[Termination "GeorgMeier won by resignation"]

1. Nf3 d5 2. g3 Bg4 3. Bg2 e6 4.
d3 Nf6 5. Nbd2 Be7 6. h3 Bh5 7.
g4 Bg6 8. Nh4 c5 9. e3 Nc6 10.
a3 Qc7 11. Qe2 O-O 12. Nxg6 hxg6 13. h4 d4 14. e4 Bd6 15. h5 Bf4 16. Bh3 Ne5 17. Nf3 Bxc1 18. Rxc1 Nh7 19. Rg1 Nxf3+ 20. Qxf3 Ng5 21. Qg3 Qxg3 22. Rxg3 e5 23. c3 Rac8 24. Kd2 Rfd8 25. Kc2 c4 26. dxc4 Nxe4 27. Rf3 dxc3 28. hxg6 Rd2+ 29. Kb1 Rxb2+ 30. Ka1 fxg6 31. g5 Rc6 32.
Rcxc3 Rxf2 33. Rxf2 Nxf2 34. Bg2 e4 35. Rc2 Ng4 36.
Bxe4 Rc7 37. Bd5+ Kf8 38. Re2 Re7 39. Rxe7 Kxe7 40. Bxb7 Kd6 41. Be4 Ne5 42. Ka2 Nf7 43. Bxg6 Nxg5 44. Kb3 Kc5 45. Ka4 Kb6 46. Kb4 Ne6 47.
Kc3 Kc5 48. Bf7 Ng5 49. Bg6 Ne6 50. Bf5 Nd8 51. Bg6 Nc6 52. Bf7 Ne5 53. Be6 g5 54. Bd5 g4 55. Be6 g3 56. Bd5 a6 57. Bg2 Nxc4 58. Kd3 Nxa3 59. Ke3 a5 60. Kf3 a4 61. Kxg3 Nc4 62. Be4 Nd2 63. Bg6 a3 0-1

[Event "*** Titled Tuesday 3|2 Blitz"]
[Site "Chess.com"]
[Date "2016.06.07"]
[Round "2"]
[White "FairChess_on_YouTube"]
[Black "vovkcoach"]
[Result "1/2-1/2"]
[WhiteElo "2702"]
[BlackElo "2500"]
[TimeControl "180+2"]
[EndTime "11:24:54 PDT"]
[Termination "Game drawn by repetition"]

1. d4 Nf6 2. Bg5 e6 3. Nd2 c5 4. e3 h6 5. Bh4 b6 6. Ngf3 Bb7 7. Bd3 cxd4 8. exd4 Be7 9. c3 d6 10. O-O Nbd7 11.
Re1 O-O 12. a4 a6 13. Qe2 Re8 14. Nc4 Qc7 15. Bg3 Nh5 16. Ne3 Nxg3 17. hxg3 Nf6 18. Bc2 Bc6 19. g4 Qb7 20. Nd2 b5 21. axb5 axb5 22. Qd3 g6 23. Bb3 d5 24. Nf3 Bd6 25.
Rxa8 Qxa8 26. Ne5 Kg7 27. Bc2 Bxe5 28. dxe5 Nd7 29. Qd4 Qb8 30. f4 Qb6 31. Ra1 b4 32.
Qxb6 Nxb6 33. Ra6 Rb8 34. f5 bxc3 35. bxc3 Bb5 36. Ra7 Nd7 37. fxe6 fxe6 38. g5 hxg5 39.
Ng4 Kf8 40. Bxg6 Rc8 41. Rb7 Be2 42. Rxd7 Bxg4 43. Rf7+ Kg8 44. Rf6 Kg7 45. Bf7 Rxc3 46. Bxe6 Bxe6 47. Rxe6 Re3 48. Kf2 d4 49. Rd6 Rxe5 50.
Rxd4 Kf6 51. Kf3 Kf5 52. Rd6 g4+ 53. Kg3 Kg5 54. Rd3 Ra5 55. Rb3 Rc5 56. Kf2 Kf4 57. Rb4+ Kg5 58. Kg3 Rc3+ 59. Kh2 Rc5 60. Ra4 Rc3 61.
Ra8 Rb3 62. Rg8+ Kf4 63. g3+ Kf5 64. Rf8+ Kg5 65. Kg2 Rb2+ 66. Rf2 Rxf2+ 67. Kxf2 Kf5 68. Ke3 Ke5 69. Kd3 Kd5 70. Ke3 Ke5 71. Kd3 Kd5 72. Ke3 Ke5 73. Kd3 Kd5 74. Ke3 Ke5 1/2-1/2